 Dungeon Sprint DCSS version 0.17.1-3-g152610e (webtiles) character file.

948 Kokonut the Carver (level 7, 0/85 HPs)
             Began as a Demonspawn Berserker on Mar 28, 2016.
             Was an Elder of Trog.
             Killed by divine providence
             ... invoked by a smoke demon
              (10 damage)
             ... in the Dungeon (Sprint V: "Ziggurat Sprint").
             The game lasted 00:09:26 (240 turns).

Kokonut the Carver (Demonspawn Berserker)            Turns: 240, Time: 00:09:30

Health: 0/85       AC: 30    Str: 29    XL:     7   Next: 89%
Magic:  7/7        EV: 11    Int:  8    God:    Trog [****..]
Gold:   0          SH:  2    Dex: 20    Spells: 0 memorised, 6 levels left

rFire  . . .     SeeInvis .     r - +14 plutonium sword {*Contam Stlth-}
rCold  . . .     Clarity  .     q - +15 Maxwell's patent armour {-Cast -Tele rElec MR+ rCorr}
rNeg   . . .     SustAt   .     (shield currently unavailable)
rPois  .         Gourm    .     (no helmet)
rElec  +         Spirit   .     (no cloak)
rCorr  +         Warding  .     O - +0 pair of gloves {archery}
rMut   .         NoTele   +     (no boots)
MR     +....     NoCast   +     (no amulet)
Stlth  ..........               w - +6 ring of strength
                                s - +6 ring of dexterity

@: berserking (expiring), liquid flames, glowing, very quick, somewhat resistant
to hostile enchantments, extremely unstealthy
A: large bone plates 1, demonic guardian 1
a: Berserk, Trog's Hand, Brothers in Arms, Burn Spellbooks, Renounce Religion


You were in the Dungeon.
You worshipped Trog.
Trog was greatly pleased with you.
You were not hungry.

You visited 1 branch

Inventory:

Hand Weapons
 a - a +0 falchion
 p - the +15 heavy crossbow "Sniper" {velocity, SInv}
   (You found it in the Dungeon)

   Any bolt fired from it inflicts extra damage.
   It lets you see invisible.
 r - the +14 plutonium sword (weapon) {*Contam Stlth-}
   (You found it in the Dungeon)

   It causes magical contamination when unequipped.
   It makes you less stealthy.
 K - a +5 triple crossbow
Missiles
 L - 1000 bolts
Armour
 b - a +0 animal skin
 q - the +15 Maxwell's patent armour (worn) {-Cast -Tele rElec MR+ rCorr}
   (You found it in the Dungeon)

   It insulates you from electricity.
   It affects your resistance to hostile enchantments.
   It prevents spellcasting.
   It prevents most forms of teleportation.
   It protects you from acid and corrosion.
 O - a +0 pair of gloves of archery (worn)
Jewellery
 s - a +6 ring of dexterity (left hand)
 t - a +6 ring of dexterity
 u - a +6 ring of intelligence
 v - a +6 ring of intelligence
 w - a +6 ring of strength (right hand)
 x - a +6 ring of strength
 C - an uncursed ring of flight
 P - an uncursed ring of sustain attributes
Wands
 y - a wand of disintegration (7)
 z - a wand of fire (5)
 A - a wand of cold (5)
 B - a wand of draining (5)
Scrolls
 i - 4 scrolls of blinking
 D - 3 scrolls of recharging
 E - 7 scrolls of fog
 F - 5 scrolls of identify
 G - 5 scrolls of remove curse
 H - 2 scrolls of fear
 N - a scroll of brand weapon
Potions
 d - 9 potions of curing
 e - 10 potions of heal wounds
 f - 6 potions of haste
 g - 7 potions of magic
 h - 3 potions of berserk rage
 j - 2 potions of brilliance
 k - 2 potions of invisibility
 l - 4 potions of resistance
 m - a potion of experience
 n - 5 potions of agility
 o - 5 potions of might
Comestibles
 c - 5 bread rations
 I - 42 fruits
 J - 4 meat rations
 M - 3 chunks of flesh


   Skills:
 + Level 5.8 Fighting
 * Level 13.5 Long Blades
 + Level 4.9 Armour
 + Level 4.9 Dodging


You had 6 spell levels left.
You didn't know any spells.

Dungeon Overview and Level Annotations

Branches:
Dungeon (1/1)

Altars:
Ashenzari
Cheibriados
Dithmenos
Elyvilon
Fedhas
Gozag
Kikubaaqudgha
Makhleb
Nemelex Xobeh
Okawaru
Qazlal
Ru
Sif Muna
Trog
Vehumet
Xom
Yredelemnul
Zin
The Shining One
Beogh
Jiyva
Lugonu


Innate Abilities, Weirdness & Mutations

You are partially covered in large bone plates (AC +2, SH +2).
A weak demonic guardian rushes to your aid.


Message History

The arrow disappears in a puff of smoke!
The tormentor roars!
You slice the worldbinder!!
You destroy the worldbinder!
Your Fighting skill increases to level 5!
Your Long Blades skill increases to level 13!
Your Armour skill increases to level 4!
Your Dodging skill increases to level 4!
You are engulfed in a cloud of scalding steam.
You are covered in liquid flames!
* * * LOW HITPOINT WARNING * * *
The deep elf priest disappears in a puff of smoke!
Reactivating autopickup.
The deep elf priest disappears in a puff of smoke!
The tormentor calls on the powers of darkness!
Your body is wracked with pain!
* * * LOW HITPOINT WARNING * * *
The smoke demon gestures at you. Something smites you!
You die...

▓.....▓.....▓.....▓
▓.....▓.....▓▓▓▓▓▓▓
▓▓▓▓▓▓▓▓▓▓▓▓▓▓▓▓▓▓▓
▓..8©8...▓..8©8...▓
▓..).|...▓..:||...▓
▓...)....▓..:.|...▓
▓....)...▓...§....▓
▓..†)....▓...3§...▓
▓.▓....▓.▓.▓@52§▓.▓
▓........▓...§....▓
▓▓▓▓▓▓▓▓▓▓▓▓▓▓▓▓▓▓▓


You could see a smoke demon, a tormentor and an ufetubus.

Vanquished Creatures
  A worldbinder (D)
  A golden eye (D)
  A water moccasin (D)
  A necrophage (D)
  A phantom (D)
  An eye of draining (D)
  2 wights (D)
  3 adders (D)
  2 ball pythons (D)
13 creatures vanquished.

Vanquished Creatures (collateral kills)
  A quasit (D)
  A ball python (D)
2 creatures vanquished.

Grand Total: 15 creatures vanquished

Notes
Turn   | Place    | Note
--------------------------------------------------------------
     0 | D        | Kokonut the Demonspawn Berserker began the quest for the Orb.
     0 | D        | Reached XP level 1. HP: 18/18 MP: 1/1
     0 | D        | Found a roughly hewn altar of Beogh.
     0 | D        | Found a corrupted altar of Lugonu.
     0 | D        | Found a viscous altar of Jiyva.
     0 | D        | Found a white marble altar of Elyvilon.
     0 | D        | Found a sparkling altar of Nemelex Xobeh.
     0 | D        | Found a burning altar of Makhleb.
     0 | D        | Found an iron altar of Okawaru.
     0 | D        | Found a deep blue altar of Sif Muna.
     0 | D        | Found a radiant altar of Vehumet.
     0 | D        | Found a bloodstained altar of Trog.
     0 | D        | Found a shimmering altar of Xom.
    56 | D        | Entered arena 1.
    56 | D        | Noticed a golden eye
    56 | D        | Noticed an eye of draining
    59 | D        | Killed an eye of draining
    59 | D        | Reached skill level 7 in Long Blades
    59 | D        | Gained mutation: A weak demonic guardian rushes to your aid. [demonic ancestry]
    59 | D        | Reached XP level 2. HP: 24/24 MP: 0/2
    59 | D        | Gained mutation: You are partially covered in large bone plates (AC +2, SH +2). [demonic ancestry]
    59 | D        | Reached XP level 3. HP: 29/29 MP: 0/3
    59 | D        | Reached XP level 4. HP: 35/35 MP: 0/4
    62 | D        | Killed a golden eye
    62 | D        | Reached ** piety under Trog
    62 | D        | Reached skill level 10 in Long Blades
    62 | D        | Reached XP level 5. HP: 41/41 MP: 0/5
   102 | D        | Entered arena 2.
   106 | D        | Reached *** piety under Trog
   117 | D        | Entered arena 3.
   117 | D        | Noticed a water moccasin
   120 | D        | Killed a water moccasin
   120 | D        | Reached skill level 12 in Long Blades
   120 | D        | Reached XP level 6. HP: 47/47 MP: 6/6
   120 | D        | Reached **** piety under Trog
   166 | D        | Entered arena 4.
   166 | D        | Noticed a wight
   166 | D        | Noticed a necrophage
   166 | D        | Noticed a phantom
   166 | D        | Noticed a wight
   170 | D        | Killed a wight
   173 | D        | Killed a phantom
   174 | D        | Killed a necrophage
   174 | D        | Reached XP level 7. HP: 55/55 MP: 7/7
   176 | D        | Killed a wight
   226 | D        | Entered arena 5.
   226 | D        | Noticed a tormentor
   226 | D        | Noticed a quasit
   226 | D        | Noticed a smoke demon
   226 | D        | Noticed a worldbinder
   227 | D        | Noticed a deep elf fighter
   227 | D        | Noticed a deep elf fighter
   228 | D        | Noticed a deep elf priest
   228 | D        | Noticed a deep elf priest
   228 | D        | Noticed a deep elf mage
   234 | D        | Noticed a deep elf fighter
   234 | D        | Noticed a deep elf priest
   234 | D        | Killed a quasit
   237 | D        | Noticed a deep elf priest
   240 | D        | Killed a worldbinder
   240 | D        | Reached skill level 5 in Fighting
   240 | D        | Reached skill level 13 in Long Blades
   240 | D        | Killed from afar by a smoke demon

Action                   |  1- 3 |  4- 6 |  7- 9 || total
-------------------------+-------+-------+-------++-------
Melee: Triple sword      |     1 |    15 |    11 ||    27
Invok: Berserk           |     1 |     2 |     1 ||     4
       Burn Spellbooks   |       |     1 |       ||     1
       Brothers in Arms  |       |       |     1 ||     1
  Use: Potion            |     1 |       |       ||     1
  Eat: Chunk             |       |       |     1 ||     1
